 Dungeon Crawl Stone Soup version 0.23.2-40-g277498a001 (webtiles) character file.

Game seed: 5115409817967941183

28387 Destapler the Cleaver (level 13, -4/116 HPs)
             Began as a Minotaur Fighter on Sept 9, 2019.
             Was an Elder of Qazlal.
             Slain by an eight-headed hydra (10 damage)
             ... on level 1 of the Lair of Beasts.
             The game lasted 01:22:13 (15591 turns).

Destapler the Cleaver (Minotaur Fighter)           Turns: 15591, Time: 01:22:14

Health: -4/116     AC: 17    Str: 25    XL:     13   Next: 9%
Magic:  19/19      EV:  9    Int:  8    God:    Qazlal [****..]
Gold:   1428       SH: 18    Dex: 11    Spells: 12/12 levels left

rFire    + . .     SeeInvis .   p - +0 scimitar (flame)
rCold    . . .     Gourm    .   c - +0 shield
rNeg     + . .     Faith    .   E - +2 scale mail {rPois}
rPois    +         Spirit   .   b - +0 hat {Int+3}
rElec    .         Reflect  .   F - +2 cloak {MR+}
rCorr    .         Harm     .   K - +0 pair of gloves
MR       +....                  P - +0 pair of boots
Stlth    ++........             (no amulet)
HPRegen  0.29/turn              v - ring of protection from fire
MPRegen  0.16/turn              N - ring of positive energy

@: repel missiles
A: retaliatory headbutt, horns 2, camouflage 1, sense surroundings 1
a: Upheaval, Elemental Force, Renounce Religion


You were on level 1 of the Lair of Beasts.
You worshipped Qazlal.
Qazlal was greatly pleased with you.
You were not hungry.

You visited 3 branches of the dungeon, and saw 14 of its levels.

You collected 1941 gold pieces.
You spent 513 gold pieces at shops.

Inventory:

Hand Weapons
 a - a +3 hand axe
 p - a +0 scimitar of flaming (weapon)
Missiles
 e - 427 stones (quivered)
 l - 13 tomahawks of returning
 w - 5 javelins
 C - 5 throwing nets
 D - 22 tomahawks
 L - an exploding tomahawk
Armour
 b - a +0 hat of intelligence (worn)
 c - a +0 shield (worn)
 E - a +2 scale mail of poison resistance (worn)
 F - a +2 cloak of magic resistance (worn)
 K - a +0 pair of gloves (worn)
 P - a +0 pair of boots (worn)
Jewellery
 v - a ring of protection from fire (left hand)
 G - an uncursed ring of stealth
 N - a ring of positive energy (right hand)
Wands
 h - a wand of enslavement (6)
 m - a wand of paralysis (6)
 o - a wand of acid (16)
 r - a wand of iceblast (24)
 O - a wand of clouds (4)
Scrolls
 d - a scroll of enchant weapon
 g - 2 scrolls of magic mapping
 j - 3 scrolls of teleportation
 n - 3 scrolls of amnesia
 s - 2 scrolls of identify
 u - 2 scrolls of blinking
 y - a scroll of fear
 B - a scroll of remove curse
 J - 3 scrolls of fog
Potions
 i - 2 potions of haste
 k - a potion of invisibility
 q - 2 potions of curing
 t - a potion of lignification
 x - 4 potions of flight
 z - a potion of cancellation
Comestibles
 f - 32 rations


   Skills:
 + Level 11.4 Fighting
 + Level 12.5 Axes
 + Level 11.5 Armour
 - Level 5.6 Stealth
 + Level 11.4 Shields
 * Level 9.7 Invocations
 - Level 3.1 Evocations


You had 12 spell levels left.
You didn't know any spells.
Your spell library contained the following spells:

 Spells                   Type           Power        Failure   Level  Hunger
 Shock                    Conj/Air       #...         80%         1    ##.....
 Swiftness                Chrm/Air       #.......     90%         2    ###....
 Static Discharge         Conj/Air       #.......     99%         3    ####...
 Airstrike                Air            #.........   100%        4    #####..
 Lightning Bolt           Conj/Air       #.........   100%        5    ######.


Dungeon Overview and Level Annotations

Branches:
Dungeon (11/15)            Temple (0/1) D:7            Lair (1/6) D:10
    Orc (2/2) D:10            Elf (0/3) Orc:2

Altars:
Elyvilon
Hepliaklqana
Kikubaaqudgha
Makhleb
Nemelex Xobeh
Okawaru
Qazlal
Sif Muna
Trog
Uskayaw
Wu Jian
Yredelemnul

Shops:
D:4 ?   D:5 *   D:6 *   D:11 [(!*[   Orc:1 :   Orc:2 :(!*

Annotations:
D:8 exclusion: door


Innate Abilities, Weirdness & Mutations

You reflexively headbutt those who attack you in melee.
You have a pair of horns on your head.
Your skin changes colour to match your surroundings (Stealth+).
You passively map a small area around you.


Message History

You block the eight-headed hydra's attack.
The eight-headed hydra barely misses you.
You block the eight-headed hydra's attack.
The eight-headed hydra bites you!
* * * LOW HITPOINT WARNING * * *
The eight-headed hydra bites you but does no damage.
The eight-headed hydra completely misses you.
The eight-headed hydra bites you but does no damage.
The eight-headed hydra bites you!
* * * LOW HITPOINT WARNING * * *
The eight-headed hydra bites you!
* * * LOW HITPOINT WARNING * * *
You block the eight-headed hydra's attack.
The eight-headed hydra barely misses you.
You block the eight-headed hydra's attack.
The eight-headed hydra bites you but does no damage.
The eight-headed hydra bites you.
* * * LOW HITPOINT WARNING * * *
The eight-headed hydra bites you!
You die...

.#* ###.## ##...........
#.###...## ##D....#....
#.#......# ##..#...P.#.
###.##.P..## #P..##......
##..######..# ###..####.....
#.#.# ###..####....# ##....
#..## ##.#.°.#......## #..##.
##.####P..☼D.○.####..####.###
##.#..D..##@..# ##.##.#.# #
##....######..# #..##..###
#....#####...§# ##..#...#
#..#....DP.#[...## #......##
#..###...........# #..#P#...
##**#.......#P.#.#*
#..######.
###.....###...##.... ##
##..### *........# ## #...
.........#* #.


You could see an eight-headed hydra.

Vanquished Creatures
  Gastronok (D:8)
  Harold (D:8)
  A two-headed ogre (Orc:2)
  Erica (Lair:1)
  4 orc high priests (Orc:2)
  Nergalle (D:10)
  Urug (Orc:1)
  The ghost of grerr the Tainter, a novice OpVM of Vehumet (D:9)
  5 orc knights
  An ugly thing (D:11)
  2 cyclopes
  6 orc sorcerers
  Joseph (D:10)
  A spiny frog (Lair:1)
  3 centaur skeletons
  2 trolls (Orc:1)
  A queen bee (D:9)
  2 hippogriffs
  9 yaks
  A wraith (D:8)
  A wyvern (D:11)
  3 hungry ghosts
  8 wargs
  Menkaure (D:4)
  A porcupine (Lair:1)
  2 water moccasins
  22 orc warriors
  6 sky beasts
  3 ice beasts
  A swamp drake (D:10)
  2 black bears
  8 ogres
  5 centaurs
  An eye of draining (D:10)
  A phantom (D:10)
  3 crocodiles
  2 necrophages (D:8)
  4 bullfrogs
  A water moccasin zombie (D:7)
  4 scorpions
  27 killer bees
  8 wights
  3 crimson imps
  4 bullfrog zombies
  A quasit (D:10)
  5 human zombies (D:8)
  22 orc priests
  3 bullfrog skeletons
  A gnoll shaman (Orc:1)
  6 hounds
  5 jellies
  3 iguanas
  23 orc wizards
  6 worker ants
  A killer bee zombie (D:7)
  3 mummies (D:8)
  3 hound skeletons
  A howler monkey zombie (D:9)
  4 gnolls
  14 adders
  A shadow imp (D:6)
  6 oozes
  5 worms
  2 dart slugs (D:1)
  8 leopard geckos
  69 orcs
  4 bats
  14 giant cockroaches
  7 goblins
  6 hobgoblins
  11 jackals
  4 quokkas
  2 ball pythons
  5 frilled lizards
  A jackal skeleton (D:6)
  11 kobolds (D:1)
  An orc skeleton (D:8)
  2 quokka skeletons
  3 quokka zombies
  8 rats
  A fungus (Lair:1)
438 creatures vanquished.

Notes
Turn   | Place    | Note
-------+----------+-------------------------------------------
     0 | D:1      | Destapler the Minotaur Fighter began the quest for the Orb.
     0 | D:1      | Reached XP level 1. HP: 19/19 MP: 0/0
   185 | D:1      | Reached XP level 2. HP: 27/27 MP: 1/1
   400 | D:1      | Reached XP level 3. HP: 32/33 MP: 2/2
   856 | D:2      | Reached skill level 3 in Axes
   865 | D:2      | Reached skill level 1 in Stealth
   878 | D:2      | Reached XP level 4. HP: 38/40 MP: 3/3
  1942 | D:3      | Found a burning altar of Makhleb.
  1999 | D:3      | Reached XP level 5. HP: 47/47 MP: 4/4
  3145 | D:4      | Reached XP level 6. HP: 47/55 MP: 5/5
  3230 | D:4      | Reached skill level 4 in Axes
  3242 | D:4      | Reached skill level 5 in Fighting
  3267 | D:4      | Reached skill level 5 in Armour
  3267 | D:4      | Reached skill level 5 in Shields
  3757 | D:4      | Noticed Menkaure
  3762 | D:4      | Killed Menkaure
  3778 | D:4      | Found Fyeduc's Magic Scroll Emporium.
  3786 | D:4      | Bought a scroll of enchant weapon for 105 gold pieces
  3789 | D:4      | Bought a scroll of identify for 28 gold pieces
  3915 | D:5      | Entered Level 5 of the Dungeon
  3977 | D:5      | Reached XP level 7. HP: 58/61 MP: 6/6
  4060 | D:5      | Found Haut's Assorted Antiques.
  4187 | D:5      | Reached skill level 5 in Axes
  4443 | D:5      | Found a sparkling altar of Nemelex Xobeh.
  4710 | D:6      | Found Nuasojil's Assorted Antiques.
  4727 | D:6      | Bought an orange potion for 18 gold pieces
  4727 | D:6      | Bought a golden potion for 18 gold pieces
  4826 | D:6      | Reached XP level 8. HP: 59/70 MP: 7/7
  4892 | D:6      | Reached skill level 1 in Evocations
  4898 | D:6      | Reached skill level 6 in Axes
  4981 | D:6      | Found an ancient bone altar of Kikubaaqudgha.
  5389 | D:6      | Found a stormy altar of Qazlal.
  5469 | D:6      | Found an iron altar of Okawaru.
  5763 | D:6      | Found a white marble altar of Elyvilon.
  5763 | D:6      | Found a hide-covered altar of Uskayaw.
  5774 | D:6      | Became a worshipper of Qazlal Stormbringer
  5905 | D:7      | Reached skill level 7 in Axes
  5915 | D:7      | Found a staircase to the Ecumenical Temple.
  6021 | D:7      | Reached XP level 9. HP: 74/78 MP: 10/10
  6030 | D:7      | Found a hazy altar of Hepliaklqana.
  6569 | D:8      | Noticed Harold
  6571 | D:8      | Gained mutation: Your skin changes colour to match your
                  | surroundings (Stealth+). [potion of mutation]
  6571 | D:8      | Gained mutation: You passively map a small area around you.
                  | [potion of mutation]
  6588 | D:8      | Killed Harold
  6588 | D:8      | Reached skill level 8 in Axes
  6828 | D:8      | Found an ornate altar of the Wu Jian Council.
  6842 | D:8      | Noticed Gastronok
  6870 | D:8      | Killed Gastronok
  6870 | D:8      | Reached skill level 9 in Axes
  6870 | D:8      | Reached skill level 5 in Stealth
  6870 | D:8      | Reached XP level 10. HP: 42/88 MP: 11/11
  7150 | D:8      | Found a deep blue altar of Sif Muna.
  7290 | D:8      | Found a basalt altar of Yredelemnul.
  7361 | D:8      | Reached * piety under Qazlal
  7456 | D:9      | Found a bloodstained altar of Trog.
  7479 | D:9      | Reached skill level 10 in Axes
  7498 | D:9      | Reached skill level 1 in Invocations
  7553 | D:9      | Found a runed translucent door.
  7553 | D:9      | Noticed grerr's ghost (novice OpVM)
  7582 | D:9      | Killed grerr's ghost
  8522 | D:10     | Entered Level 10 of the Dungeon
  8614 | D:10     | Noticed Nergalle
  8642 | D:10     | Noticed Joseph
  8760 | D:10     | Reached XP level 11. HP: 50/97 MP: 11/13
  9106 | D:10     | Reached ** piety under Qazlal
  9606 | D:10     | Killed Nergalle
  9606 | D:10     | Reached skill level 5 in Invocations
  9645 | D:10     | Killed Joseph
  9971 | D:10     | Found a staircase to the Orcish Mines.
 10092 | D:10     | Found a staircase to the Lair.
 10163 | D:10     | Reached *** piety under Qazlal
 10198 | D:10     | Reached skill level 11 in Axes
 10439 | D:11     | Noticed a cyan ugly thing
 10639 | D:11     | Reached skill level 10 in Armour
 10640 | D:11     | Reached skill level 10 in Shields
 10643 | D:11     | Reached **** piety under Qazlal
 10769 | D:11     | Killed a cyan ugly thing
 10769 | D:11     | Reached skill level 10 in Fighting
 11058 | D:11     | Found Vedeulif's Armour Boutique.
 11063 | D:11     | Bought a +0 pair of boots for 67 gold pieces
 11239 | D:6      | Bought a runed diamond ring for 105 gold pieces
 11254 | D:5      | Bought an onyx ring for 105 gold pieces
 11364 | D:11     | Found Maotaogi's Antique Weapon Shop.
 11374 | D:11     | Found Xoigg's Armour Shop.
 11390 | D:11     | Bought a +0 pair of gloves for 67 gold pieces
 11498 | D:11     | Found Beuk Qir's Distillery.
 11787 | D:11     | Found Ratzea's General Store.
 12002 | Orc:1    | Entered Level 1 of the Orcish Mines
 12093 | Orc:2    | Entered Level 2 of the Orcish Mines
 12093 | Orc:2    | Noticed an orc sorcerer
 12094 | Orc:2    | Noticed an orc high priest
 12232 | Orc:1    | Killed an orc sorcerer
 12232 | Orc:1    | Reached XP level 12. HP: 94/106 MP: 16/16
 12660 | Orc:2    | Killed an orc high priest
 12903 | Orc:1    | Noticed Urug
 12908 | Orc:1    | Reached ***** piety under Qazlal
 12922 | Orc:1    | Killed Urug
 12959 | Orc:2    | Noticed a two-headed ogre
 12970 | Orc:2    | Killed a two-headed ogre
 13302 | Orc:1    | Reached skill level 12 in Axes
 13318 | Orc:1    | Found Impaub's Book Boutique.
 13620 | Orc:2    | Found a staircase to the Elven Halls.
 13633 | Orc:2    | Noticed an orc high priest
 13643 | Orc:2    | Killed an orc high priest
 13701 | Orc:2    | Noticed an orc high priest
 14390 | Orc:2    | Killed an orc high priest
 14392 | Orc:2    | Noticed an orc high priest
 14400 | Orc:2    | Killed an orc high priest
 14480 | Orc:2    | Paralysed by an orc sorcerer for 2 turns
 14508 | Orc:2    | Reached XP level 13. HP: 15/116 MP: 10/19
 14878 | Orc:2    | Found Qyigry's Antique Weapon Emporium.
 14878 | Orc:2    | Found Unanaf's Book Emporium.
 14879 | Orc:2    | Found Caytube's Assorted Antiques.
 14884 | Orc:2    | Found Xabb's Distillery.
 15114 | Lair:1   | Entered Level 1 of the Lair of Beasts
 15495 | Lair:1   | Noticed Erica
 15501 | Lair:1   | Killed Erica
 15591 | Lair:1   | Slain by an eight-headed hydra

Skill      XL: |  1  2  3  4  5  6  7  8  9 10 11 12 |
---------------+-------------------------------------+-----
Fighting       | 4 5 6 8 9 10 11 | 11.4
Armour         | 4 5 6 8 9 10 11 | 11.5
Shields        | 4 5 6 8 9 10 11 | 11.4
Axes           | 3 4 5 7 9 10 11 12 | 12.5
Stealth        | 1 2 3 4 5 |  5.6
Evocations     | 3 |  3.1
Invocations    | 4 7 9 |  9.7

Action                   |  1- 3 |  4- 6 |  7- 9 | 10-12 | 13-15 || total
-------------------------+-------+-------+-------+-------+-------++-------
Melee: War axe           |    77 |   180 |    52 |       |       ||   309
       Headbutt          |     6 |    27 |    62 |   206 |    10 ||   311
       Hand axe          |       |       |   244 |   947 |    43 ||  1234
       Scimitar          |       |       |       |       |     5 ||     5
Throw: Stone             |       |     2 |       |    40 |       ||    42
Invok: Upheaval          |       |       |       |     3 |       ||     3
       Elemental Force   |       |       |       |     1 |       ||     1
       Disaster Area     |       |       |       |     1 |       ||     1
Evoke: Wand              |       |       |       |       |     2 ||     2
  Use: Scroll            |       |     3 |     5 |    12 |       ||    20
       Potion            |       |     1 |     3 |     6 |       ||    10
 Stab: Sleeping          |       |       |       |     3 |       ||     3
  Eat: Chunk             |       |    10 |    11 |    23 |     4 ||    48
       Ration            |       |       |       |     1 |       ||     1
Armor: Scale mail        |    47 |    79 |    76 |   260 |    25 ||   487
Dodge: Dodged            |    26 |    39 |    72 |   195 |    18 ||   350
       Deflected         |       |       |       |     4 |       ||     4
Block: Shield            |    39 |    88 |   144 |   600 |    45 ||   916
